 Dungeon Crawl Stone Soup version 0.23-a0-391-g8c51ad5 (webtiles) character file.

98 Ghost621 the Skirmisher (level 4, -2/37 HPs)
             Began as a Demonspawn Chaos Knight on Oct 31, 2018.
             Was a Plaything of Xom.
             Slain by an orc
             ... wielding a +0 falchion
              (6 damage)
             ... on level 3 of the Dungeon.
             The game lasted 00:03:37 (1589 turns).

Ghost621 the Skirmisher (Demonspawn Chaos Knight)   Turns: 1589, Time: 00:03:38

Health: -2/37      AC:  7    Str: 17    XL:     4   Next: 43%
Magic:  4/4        EV: 11    Int: 14    God:    Xom [...*..]
Gold:   107        SH:  0    Dex: 12    Spells: 3/3 levels left

rFire    . . .     SeeInvis .   a - +0 spear (chaos)
rCold    . . .     Gourm    .   (no shield)
rNeg     . . .     Faith    .   b - +2 leather armour
rPois    .         Spirit   .   (no helmet)
rElec    .         Reflect  .   (no cloak)
rCorr    .         Harm     .   (no gloves)
MR       .....                  (no boots)
Stlth    +.........             (no amulet)
HPRegen  0.12/turn              n - +4 ring of strength
MPRegen  0.09/turn              (no ring)

@: no status effects
A: molten scales 1
a: Renounce Religion


You were on level 3 of the Dungeon.
You worshipped Xom.
You were a favourite toy of Xom.
You were not hungry.

You visited 1 branch of the dungeon, and saw 3 of its levels.

You collected 107 gold pieces.

Inventory:

Hand Weapons
 a - a +0 spear of chaos (weapon)
Missiles
 d - 103 stones (quivered)
Armour
 b - a +2 leather armour (worn)
Jewellery
 n - a +4 ring of strength (left hand)
Scrolls
 e - a scroll of remove curse {unknown}
 f - 2 scrolls of identify
 g - a scroll of blinking {unknown}
 h - a scroll of magic mapping {unknown}
 i - a scroll of amnesia {unknown}
 j - 3 scrolls of teleportation
 k - a scroll of fear {unknown}
 l - a scroll of noise {unknown}
Potions
 m - a potion of magic
Comestibles
 c - 5 rations


   Skills:
 * Level 4.3 Fighting
 + Level 3.3 Polearms
 + Level 2.6 Armour
 - Level 0.8 Dodging


You had 3 spell levels left.
You didn't know any spells.
Your spell library was empty.

Dungeon Overview and Level Annotations

Branches:
Dungeon (3/15)

Altars:
Xom


Innate Abilities, Weirdness & Mutations

You are partially covered in molten scales. (AC +2)


Message History

The orc hits you from afar with a +0 trident.
* * * LOW HITPOINT WARNING * * *
The orc wizard casts a cantrip, but nothing happens.
You hit the orc wizard.
The orc wizard's magic leaks into the air.
The orc wizard is severely wounded.
The orc barely misses you.
The orc wizard hits you but does no damage.
You closely miss the orc wizard.
The orc wizard is severely wounded.
The orc wizard hits you with a +0 dagger.
* * * LOW HITPOINT WARNING * * *
The orc hits you from afar with a +0 trident.
* * * LOW HITPOINT WARNING * * *
It was a potion of magic.
Magic courses through your body.
Xom roars with laughter!
You kill the orc wizard!
The orc throws a tomahawk.
The tomahawk misses you. The orc barely misses you.
You barely miss the orc. The orc hits you with a +0 falchion.
You die...

...# +#..# ....#
.... o...+
#..#+#### ##o...
#.......# ..o..
#.<(....# ...#
#.#.....# ...#
...#.......##o..#
.......†....@oo..#
#######.....##....#
###...).# ###.#
.........#####+##
..................
..................
..................
#########.........
#.........


You could see 3 orcs.

Vanquished Creatures
  An orc wizard (D:3)
  Robin (D:2)
  An adder (D:2)
  2 worms
  2 dart slugs
  A leopard gecko (D:2)
  A ball python (D:1)
  12 goblins
  5 hobgoblins
  A quokka (D:2)
  5 bats
  2 frilled lizards (D:1)
  3 kobolds
  3 rats (D:1)
40 creatures vanquished.

Notes
Turn   | Place    | Note
-------+----------+-------------------------------------------
     0 | D:1      | Ghost621 the Demonspawn Chaos Knight began the quest for
                  | the Orb.
     0 | D:1      | Reached XP level 1. HP: 18/18 MP: 1/1
    55 | D:1      | XOM: harmless Conj miscast
   187 | D:1      | XOM: god gift: fizzy pink potion {god gift}
   302 | D:1      | Gained mutation: You are partially covered in molten
                  | scales. (AC +2) [demonic ancestry]
   302 | D:1      | Reached XP level 2. HP: 24/24 MP: 2/2
   323 | D:1      | XOM: 2-stop teleportation journey
   866 | D:2      | Noticed Robin
   872 | D:2      | XOM: scenery: create altars
   893 | D:2      | XOM: noise
   911 | D:2      | Reached XP level 3. HP: 16/29 MP: 3/3
   918 | D:2      | XOM: harmless Tmut miscast
   924 | D:2      | XOM: cast spell 'Summon Butterflies'
   959 | D:2      | Killed Robin
   968 | D:2      | XOM: 1-stop teleportation journey
  1038 | D:2      | Reached skill level 4 in Fighting
  1267 | D:2      | XOM: cloud trail
  1447 | D:2      | XOM: god gift: 3 exploding tomahawks
  1511 | D:2      | Found a faded altar of an unknown god.
  1552 | D:3      | Reached XP level 4. HP: 31/37 MP: 4/4
  1589 | D:3      | Slain by an orc

Vault maps used:
D:1:      onia_arrival_pyramid
D:2:      chequers_ecumenical_altar_lobes, uniq_robin
D:3:      first_ration

Skill      XL: |  1  2  3 |
---------------+----------+-----
Armour         | 2 |  2.6
Polearms       | 3 |  3.3
Fighting       | 4 |  4.3
Dodging        | |  0.8

Action                   |  1- 3 |  4- 6 || total
-------------------------+-------+-------++-------
Melee: Spear             |   143 |    17 ||   160
  Use: Potion            |     3 |     1 ||     4
       Scroll            |     2 |       ||     2
 Stab: Sleeping          |     1 |       ||     1
       Paralysed         |     4 |       ||     4
       Petrified         |     9 |       ||     9
       Petrifying        |     3 |       ||     3
  Eat: Chunk             |     1 |     1 ||     2
Armor: Leather armour    |    42 |     3 ||    45
       Skin              |    49 |       ||    49
Dodge: Dodged            |    63 |    13 ||    76

Table legend:
 A = Non-vault XP
 B = Vault XP
 C = Vault XP percentage of total XP
 D = Non-vault monster count
 E = Vault monster count
 F = Vault count percentage of total count
                 A         B        C        D         E       F
            +---------+---------+-------+---------+---------+-------
      Total |     102 |      38 |  27.1 |      27 |      13 |  32.5
            +---------+---------+-------+---------+---------+-------
        D:1 |      16 |       0 |   0.0 |      11 |       0 |   0.0
        D:2 |      39 |      38 |  49.4 |      13 |      13 |  50.0
        D:3 |      47 |       0 |   0.0 |       3 |       0 |   0.0
            +---------+---------+-------+---------+---------+-------
